 Dungeon Crawl Stone Soup version 0.29.1-2-gbd0b4ee654 (webtiles) character file.

Game seed: 9176719873803417270

111799 mcbry74 the Grappler (level 16, 0/150 HPs)
             Began as a Troll Fighter on Nov 8, 2022.
             Was the Champion of the Shining One.
             Shot with an arrow by a deep elf archer (24 damage)
             ... on level 1 of the Elven Halls.
             The game lasted 02:08:01 (25370 turns).

mcbry74 the Grappler (Troll Fighter)               Turns: 25370, Time: 02:08:03

Health: 0/150      AC: 17    Str: 32    XL:     16   Next: 10%
Magic:  10/10      EV: 11    Int: 14    God:    the Shining One [******]
Gold:   3157       SH:  0    Dex: 13    Spells: 15/15 levels left

rFire   + + .      SeeInvis .   f - +10 giant spiked club "Cicouted" {antimagic, rElec rCorr Dex+4 Stlth+}
rCold   x . .      Faith    .   (shield currently unavailable)
rNeg    + + +      Spirit   .   U - +0 fire dragon scales
rPois   +          Reflect  .   g - +3 hat of Pondering {ponderous, Will+ MP+10 Int+5}
rElec   +          Harm     .   q - +2 cloak
rCorr   +          Rampage  .   (gloves unavailable)
Will    +++..                   (boots unavailable)
Stlth   +.........              C - amulet of the acrobat
HPRegen 1.15/turn               (no ring)
MPRegen 0.12/turn               i - ring "Tuqiuhofac" {rElec rPois Will+ Int+3}

@: glowing, studying Polearms, slow
A: large, unfitting armour, claws 3, regeneration 1, shaggy fur 1, tough skin 1
a: Renounce Religion, Divine Shield, Cleansing Flame, Summon Divine Warrior,
Brand Weapon With Holy Wrath


You were on level 1 of the Elven Halls.
You worshipped the Shining One.
The Shining One was exalted by your worship.
You visited 4 branches of the dungeon, and saw 23 of its levels.
You also visited: Bailey and Ice Cave.

You collected 4964 gold pieces.
You spent 1807 gold pieces at shops.

Inventory:

Hand Weapons
 f - the +10 giant spiked club "Cicouted" (weapon) {antimagic, rElec rCorr Dex+4 Stlth+}
   (You acquired it on level 14 of the Dungeon)

   It reduces the magical energy of the wielder, and disrupts the spells and
   magical abilities of those it strikes.
   Natural abilities and divine invocations are not affected.
   Dex:       It affects your dexterity (+4).
   rElec:     It insulates you from electricity.
   rCorr:     It protects you from acid and corrosion.
   Stlth:     It makes you more stealthy.
Missiles
 a - 4 throwing nets
 d - 5 javelins
 e - 29 large rocks (quivered)
 p - 6 silver javelins
 P - a curare-tipped dart
 R - 2 atropa-tipped darts
 S - 21 boomerangs
Armour
 g - the +3 hat of Pondering (worn) {ponderous, Will+ MP+10 Int+5}
   (You took it off Gastronok on level 10 of the Dungeon)

   Int:       It affects your intelligence (+5).
   MP:        It affects your magic capacity (+10).
   Will:      It increases your willpower.
 q - a +2 cloak (worn)
 U - +0 fire dragon scales (worn)
Jewellery
 i - the ring "Tuqiuhofac" (right claw) {rElec rPois Will+ Int+3}
   (You found it on level 10 of the Dungeon)

   [ring of poison resistance]

   Int:       It affects your intelligence (+3).
   rElec:     It insulates you from electricity.
   rPois:     It protects you from poison.
   Will:      It increases your willpower.
 s - a +6 ring of strength
 w - a ring of resist corrosion
 C - an amulet of the acrobat (around neck)
 T - a ring of fire
Wands
 r - a wand of quicksilver (9)
 F - a wand of digging (8)
 N - a wand of flame (48)
 W - a wand of mindburst (31)
Scrolls
 h - 12 scrolls of teleportation
 y - 3 scrolls of poison
 A - 2 scrolls of blinking
 E - 2 scrolls of fear
 I - 4 scrolls of silence
 K - 2 scrolls of magic mapping
 Z - 3 scrolls of fog
Potions
 c - 3 potions of invisibility
 l - a potion of ambrosia
 o - 10 potions of curing
 v - 2 potions of heal wounds
 x - 4 potions of haste
 z - a potion of berserk rage
 B - 3 potions of might
 G - 4 potions of flight
 H - 3 potions of cancellation
 Q - a potion of mutation
Miscellaneous
 u - a box of beasts
 L - a tin of tremorstones (2/2)
 X - a phantom mirror


   Skills:
 + Level 7.7 Fighting
 + Level 12.1 Maces & Flails
 + Level 8.4 Throwing
 + Level 4.5 Armour
 - Level 9.0 Dodging
 - Level 9.1 Shields
 + Level 14.3 Unarmed Combat
 + Level 2.6 Earth Magic
 + Level 7.7 Invocations
 - Level 6.0 Evocations


You had 15 spell levels left.
You didn't know any spells.
Your spell library contained the following spells:

 Spells                   Type           Power      Damage    Failure   Level
 Sandblast                Erth           14%        2d6       22%         1
 Passwall                 Tmut/Erth      2%         N/A       50%         2
 Freeze                   Ice            0%         1d3       54%         1
 Magic Dart               Conj           0%         1d3       54%         1
 Slow                     Hex            0%         N/A       54%         1
 Blink                    Tloc           0%         N/A       67%         2
 Searing Ray              Conj           0%         2d4       67%         2
 Static Discharge         Conj/Air       0%         3-3/arc   67%         2
 Stone Arrow              Conj/Erth      6%         3d7       73%         3
 Confusing Touch          Hex            0%         N/A       88%         3
 Frozen Ramparts          Ice            0%         1d1       88%         3
 Gell's Gravitas          Tloc           0%         N/A       88%         3
 Lesser Beckoning         Tloc           0%         N/A       88%         3
 Teleport Other           Tloc           0%         N/A       88%         3
 Tukima's Dance           Hex            0%         N/A       88%         3
 Vampiric Draining        Necr           0%         2d6       88%         3
 Petrify                  Tmut/Erth      3%         N/A       98%         4
 Dispel Undead            Necr           0%         3d6       99%         4
 Hailstorm                Conj/Ice       0%         3d3       99%         4
 Sticky Flame             Conj/Fire      0%         2d3       99%         4
 Summon Ice Beast         Ice/Summ       0%         N/A       99%         4
 Alistair's Intoxication  Tmut/Pois      0%         N/A       100%        5
 Borgnjor's Vile Clutch   Necr/Erth      1%         N/A       100%        5
 Fireball                 Conj/Fire      0%         3d3       100%        5
 Manifold Assault         Tloc           0%         N/A       100%        5
 Metabolic Englaciation   Hex/Ice        0%         N/A       100%        5
 Summon Mana Viper        Hex/Summ       0%         N/A       100%        5
 Dispersal                Tloc           0%         N/A       100%        6
 Eringya's Noxious Bog    Tmut/Pois      0%         N/A       100%        6
 Starburst                Conj/Fire      0%         6d3       100%        6
 Statue Form              Tmut/Erth      2%         N/A       100%        6
 Monstrous Menagerie      Summ           0%         N/A       100%        7
 Ignition                 Fire           0%         3d3       100%        8


Dungeon Overview and Level Annotations

Branches:
Dungeon (15/15)            Temple (0/1) D:6            Lair (5/5) D:9
  Swamp (0/4) Lair:3        Snake (0/4) Lair:3        Slime (0/5) Lair:5
    Orc (2/2) D:11            Elf (1/3) Orc:2        Vaults (0/5) D:14
 Depths (0/4) D:15         Bailey (visited)           IceCv (visited)

Altars:
Elyvilon
Hepliaklqana
Nemelex Xobeh
Qazlal
Ru
Sif Muna
Trog
Uskayaw
Wu Jian
Yredelemnul
Zin
The Shining One
Jiyva

Shops:
D:2 **[[=   D:13 ?   Orc:2 *[(?

Portals:
Abyss: D:6

Annotations:
D:6 2 transporters, t4s4d4r's ghost, novice DsEE
Orc:1 2 transporters, Seraphu's ghost, journeyman GrBe


Innate Abilities, Weirdness & Mutations

You are too large for most types of armour.
You have claws for hands.
Your natural rate of healing is unusually fast.
You are covered in fur. (AC +1)
You have tough skin. (AC +1)


Message History

The deep elf archer mumbles some strange words.
The deep elf archer blinks!
The deep elf knight hits you but does no damage.
You closely miss the deep elf knight.
The deep elf archer unwields a +0 dagger.
The deep elf archer wields a +3 longbow.
The deep elf archer shoots an arrow.
The arrow hits you.
The deep elf knight hits you but does no damage.
The deep elf archer shoots an arrow.
The arrow completely misses you.
The deep elf knight hits you with a +0 scimitar!
You hear a shout!
There is a staircase back to the Mines, spattered with blood here.
Things that are here:
a +0 long sword; a +0 leather armour You hear a shout!
The deep elf knight casts a spell at you.
The lance of force hits you!!
You stop ascending the stairs.
You are knocked back by the lance of force.
You slam into the iron grate!
The deep elf archer shoots an arrow.
The arrow hits you!!
* * * LOW HITPOINT WARNING * * *
A deep elf pyromancer comes into view. It is wielding a +0 rapier.
A deep elf zephyrmancer comes into view.
It is wielding a +0 rapier.
The deep elf zephyrmancer shouts!
The deep elf archer shoots an arrow.
The arrow barely misses you.
The deep elf archer shoots an arrow.
The arrow completely misses you.
The deep elf zephyrmancer moves out of view.
The deep elf knight misses you.
The deep elf knight casts a spell at you.
The shard of ice hits you!
You feel a painful chill!
* * * LOW HITPOINT WARNING * * *
The deep elf archer shoots an arrow.
The arrow hits you!!
* * * LOW HITPOINT WARNING * * *
You feel much better.
The deep elf knight hits you with a +0 scimitar.
* * * LOW HITPOINT WARNING * * *
The deep elf zephyrmancer casts a spell.
The deep elf zephyrmancer blinks!
The deep elf archer shoots an arrow.
The arrow hits you!!
You die...

#.....#
#.....#
###.....##
'.#.e...#
.###.....###
.ee#.....#.+
###.....###
+ยง#.....#.+
###..e@e###
#.<...#
#.....#
#######


You could see a deep elf archer (repels missiles), a deep elf knight (fast,
invisible) and 2 deep elf zephyrmancers.

Vanquished Creatures
  Gastronok (D:10)
  Kirke (D:12)
  Nessos (Lair:3)
  A white draconian (IceCv)
  2 fire dragons (D:15)
  Josephine (D:10)
  4 vault guards (D:14)
  3 boulder beetles
  4 ogre magi (Orc:2)
  10 hydras
  3 catoblepae
  14 two-headed ogres (Orc:2)
  5 centaur warriors
  A deep troll shaman (Lair:5)
  5 death yaks (Lair:5)
  A tengu warrior (D:14)
  An orc high priest (Orc:2)
  The ghost of t4s4d4r the Geomancer, a novice DsEE of Gozag (D:10)
  Urug (Lair:3)
  A deep elf knight (Orc:2)
  Amaemon (Lair:3)
  2 skeletal warriors (D:13)
  2 bog bodies (Lair:3)
  An orc knight (D:15)
  3 wizards
  5 deep elf pyromancers
  A deep elf zephyrmancer (Orc:2)
  3 orc sorcerers
  8 cyclopes
  17 elephants
  2 ugly things
  4 manticores
  2 centaur zombies (D:13)
  The ghost of MisterFreud the Covert, a novice GnDe (D:5)
  2 black mambas
  2 gargoyles (D:12)
  2 ice statues (IceCv)
  A torpor snail (Lair:4)
  11 cane toads
  7 rime drakes
  An orange demon (Lair:3)
  Maggie (D:7)
  5 yaktaurs
  2 tengu conjurers (D:14)
  A redback zombie (D:13)
  2 efreet (D:14)
  3 unseen horrors (D:12)
  A rime drake (shapeshifter) (D:8)
  3 kobold demonologists
  5 komodo dragons
  2 ice devils (D:13)
  10 trolls
  5 polar bears
  Grinder (D:5)
  24 blink frogs
  15 slime creatures
  2 meliai zombies (D:13)
  16 dream sheep
  2 centaur simulacra (D:10)
  4 vampires
  Sigmund (D:2)
  An air elemental (Orc:2)
  3 shadows
  4 wyverns
  9 wraiths
  5 basilisks
  37 yaks
  3 hogs (D:12)
  3 steam dragons
  2 vampire mosquitoes
  5 nagas (Lair:3)
  A warg (Orc:1)
  10 water moccasins
  2 acid dragons
  31 orc warriors
  Duvessa (D:4)
  8 ice beasts
  3 black bears
  2 sky beasts
  28 wolves
  25 ogres
  5 centaurs
  2 phantoms (D:12)
  4 kobold brigands
  9 bullfrogs
  4 gnoll sergeants
  A necrophage (D:6)
  3 scorpions
  3 wights (D:7)
  Dowan (D:4)
  7 killer bees
  6 lindwurm simulacra (IceCv)
  3 electric eels (D:9)
  6 howler monkeys
  3 jellies
  A bullfrog zombie (D:5)
  6 komodo dragon simulacra (IceCv)
  Crazy Yiuf (D:5)
  16 orc priests
  4 gnoll boudas
  2 hounds
  Jessica (D:2)
  3 iguanas
  14 orc wizards
  Ijyb (D:3)
  Natasha (thrice) (D:2)
  A killer bee zombie (D:5)
  10 adders
  5 acid dragon simulacra (IceCv)
  33 gnolls
  A shadow imp (D:4)
  5 white imps
  4 ufetubi
  4 steam dragon simulacra (IceCv)
  2 worms
  3 dart slugs
  55 orcs
  9 bats
  10 endoplasms
  3 giant cockroaches
  11 hobgoblins
  11 jackals
  26 kobolds
  A quokka (D:1)
  13 ball pythons
  A frilled lizard (D:2)
  13 goblins
  3 rats
760 creatures vanquished.

Vanquished Creatures (others)
  A rime drake (IceCv)
  A troll (D:11)
  A wolf (Lair:1)
  An endoplasm (D:1)
  24 fungi
  38 plants
  5 toadstools (D:2)
71 creatures vanquished.

Grand Total: 831 creatures vanquished

Notes
Turn   | Place    | Note
-------+----------+-------------------------------------------
     0 | D:1      | mcbry74 the Troll Fighter began the quest for the Orb.
     0 | D:1      | Reached XP level 1. HP: 22/22 MP: 0/0
    88 | D:1      | Reached XP level 2. HP: 29/29 MP: 1/1
   109 | D:1      | Reached skill level 3 in Unarmed Combat
   673 | D:2      | Reached XP level 3. HP: 36/36 MP: 2/2
   707 | D:2      | Found Aleck's Assorted Antiques.
   738 | D:2      | Bought a scroll labelled TATOGI DUOGA for 23 gold pieces
   738 | D:2      | Bought a scroll labelled GIANUEW VURGHO for 23 gold pieces
   767 | D:2      | Found a glowing golden altar of the Shining One.
   773 | D:2      | Became a worshipper of the Shining One
   838 | D:2      | Noticed Jessica
   844 | D:2      | Found Miq Tidgh's Antique Armour Emporium.
   847 | D:2      | Killed Jessica
   848 | D:2      | Reached skill level 4 in Unarmed Combat
   848 | D:2      | Reached XP level 4. HP: 44/44 MP: 3/3
   893 | D:2      | Found Doiwkyec's Antique Armour Boutique.
   977 | D:2      | Found Gaschy's Jewellery Boutique.
   990 | D:2      | Noticed Sigmund
  1015 | D:2      | Killed Sigmund
  1016 | D:2      | Reached skill level 6 in Unarmed Combat
  1016 | D:2      | Reached XP level 5. HP: 26/50 MP: 4/4
  1154 | D:2      | Noticed Natasha
  1159 | D:2      | Killed Natasha
  1397 | D:2      | Found Meffuel's General Store.
  1559 | D:2      | Noticed Natasha
  1565 | D:2      | Killed Natasha
  1566 | D:2      | Reached XP level 6. HP: 51/59 MP: 5/5
  1629 | D:2      | Noticed Natasha
  1636 | D:2      | Killed Natasha
  1880 | D:3      | Noticed Ijyb
  1880 | D:3      | Reached * piety under the Shining One
  1893 | D:3      | Killed Ijyb
  1894 | D:3      | Reached skill level 7 in Unarmed Combat
  2067 | D:3      | Found a hazy altar of Hepliaklqana.
  2111 | D:3      | Found a glowing silver altar of Zin.
  2577 | D:4      | Noticed Duvessa
  2595 | D:4      | Killed Duvessa
  2596 | D:4      | Reached XP level 7. HP: 66/66 MP: 6/6
  2600 | D:4      | Noticed Dowan
  2602 | D:4      | Killed Dowan
  2956 | D:4      | Found a hide-covered altar of Uskayaw.
  2957 | D:4      | Found an ornate altar of the Wu Jian Council.
  3140 | D:4      | Reached skill level 1 in Invocations
  3148 | D:4      | Reached skill level 1 in Throwing
  3221 | D:5      | Entered Level 5 of the Dungeon
  3228 | D:5      | Found a runed translucent gate.
  3228 | D:5      | Found a runed translucent gate.
  3228 | D:5      | Found a runed translucent gate.
  3228 | D:5      | Noticed MisterFreud's ghost (novice GnDe)
  3228 | D:5      | Reached ** piety under the Shining One
  3230 | D:5      | Found a basalt altar of Yredelemnul.
  3244 | D:5      | Reached XP level 8. HP: 75/75 MP: 7/7
  3282 | D:5      | Reached skill level 8 in Unarmed Combat
  3282 | D:5      | Reached skill level 1 in Evocations
  3286 | D:5      | Noticed Grinder
  3297 | D:5      | Paralysed by Grinder for 2 turns
  3319 | D:5      | Killed Grinder
  3376 | D:5      | Identified the +0 pair of boots "Nolus" {Rampage Str+4
                  | Dex+3}
  3657 | D:5      | Found a runed translucent door.
  3658 | D:5      | Noticed Crazy Yiuf
  3664 | D:5      | Killed Crazy Yiuf
  3788 | D:5      | Killed MisterFreud's ghost
  3938 | D:6      | Identified a scroll of acquirement
  3939 | D:6      | Acquired 656 gold pieces
  3991 | D:6      | Found a staircase to the Ecumenical Temple.
  4013 | D:6      | Reached XP level 9. HP: 76/84 MP: 9/9
  4116 | D:6      | Found a one-way gate to the infinite horrors of the Abyss.
  4116 | D:6      | Noticed t4s4d4r's ghost (novice DsEE)
  4121 | D:6      | Found a transporter.
  4133 | D:6      | Noticed a toenail golem
  4150 | D:6      | Found a transporter.
  4609 | D:7      | Reached skill level 9 in Unarmed Combat
  4645 | D:7      | Noticed a kobold demonologist
  4647 | D:7      | Noticed a boulder beetle
  4649 | D:7      | Killed a kobold demonologist
  4649 | D:7      | Reached *** piety under the Shining One
  4661 | D:7      | Killed a boulder beetle
  4827 | D:7      | Reached skill level 5 in Shields
  4850 | D:7      | Noticed Maggie
  4853 | D:7      | Reached XP level 10. HP: 81/94 MP: 11/11
  4863 | D:7      | Killed Maggie
  4966 | D:7      | Noticed a deep elf pyromancer
  4975 | D:7      | Reached skill level 10 in Unarmed Combat
  5132 | D:7      | Killed a deep elf pyromancer
  5309 | D:7      | Found a sparkling altar of Nemelex Xobeh.
  5403 | D:7      | Reached skill level 5 in Dodging
  5534 | D:7      | Reached skill level 5 in Fighting
  5713 | D:7      | Reached skill level 1 in Maces & Flails
  5723 | D:7      | Found the +5 robe of Night {Dark Will+ SInv}
  5884 | D:8      | Reached **** piety under the Shining One
  5950 | D:8      | Found a bloodstained altar of Trog.
  6316 | D:8      | Noticed a centaur warrior
  6322 | D:8      | Killed a centaur warrior
  6323 | D:8      | Reached XP level 11. HP: 65/104 MP: 13/13
  6864 | D:8      | Reached skill level 11 in Unarmed Combat
  7269 | D:8      | Reached skill level 5 in Throwing
  7311 | D:9      | Reached skill level 5 in Invocations
  7489 | D:9      | Reached ***** piety under the Shining One
  7558 | D:9      | Found a flagged portal.
  7567 | Bailey   | Entered a bailey
  7612 | Bailey   | Identified the +1 ring mail of Gomoc {Harm rF+ Will-}
  7730 | Bailey   | Identified the +8 morningstar of Anealucs {vamp, Int+4}
  8218 | D:9      | Found a staircase to the Lair.
  8397 | D:2      | Bought a ring of protection from fire for 325 gold pieces
  8397 | D:2      | Bought a ring of fire for 325 gold pieces
  8697 | Lair:1   | Entered Level 1 of the Lair of Beasts
  9027 | Lair:1   | Noticed a catoblepas
  9070 | Lair:1   | Killed a catoblepas
  9164 | Lair:1   | Noticed a six-headed hydra
  9291 | D:10     | Entered Level 10 of the Dungeon
  9302 | D:10     | Found a white marble altar of Elyvilon.
  9340 | D:10     | Found a sacrificial altar of Ru.
  9357 | D:10     | Noticed Gastronok
  9384 | D:10     | Killed Gastronok
  9385 | D:10     | Reached XP level 12. HP: 25/114 MP: 15/15
  9448 | D:10     | Found a shimmering blue altar of Sif Muna.
  9534 | D:10     | Reached skill level 5 in Maces & Flails
  9659 | D:10     | Noticed t4s4d4r's ghost (novice DsEE)
  9667 | D:10     | Found a runed translucent gate.
  9667 | D:10     | Found a runed translucent gate.
  9667 | D:10     | Found a runed translucent gate.
  9750 | D:10     | Killed t4s4d4r's ghost
 10069 | D:10     | Found a stormy altar of Qazlal.
 10276 | D:10     | Identified the ring "Tuqiuhofac" {rElec rPois Will+ Int+3}
 10278 | D:10     | Noticed Josephine
 10284 | D:10     | Killed Josephine
 10526 | Lair:1   | Killed a six-headed hydra
 10899 | Lair:2   | Noticed a seven-headed hydra
 10912 | Lair:1   | Killed a seven-headed hydra
 11374 | Lair:2   | Noticed a five-headed hydra
 11395 | Lair:2   | Killed a five-headed hydra
 11501 | Lair:2   | Reached skill level 10 in Maces & Flails
 11943 | Lair:2   | Reached skill level 1 in Armour
 11982 | Lair:3   | Reached XP level 13. HP: 118/120 MP: 16/16
 12001 | Lair:3   | Noticed Nessos
 12014 | Lair:3   | Killed Nessos
 12071 | Lair:3   | Reached skill level 12 in Unarmed Combat
 12274 | Lair:3   | Noticed Amaemon
 12321 | Lair:3   | Killed Amaemon
 12480 | Lair:3   | Noticed Urug
 12497 | Lair:3   | Killed Urug
 12573 | Lair:3   | Reached ****** piety under the Shining One
 12587 | Lair:3   | Found a staircase to the Swamp.
 12682 | Lair:3   | Found a staircase to the Snake Pit.
 13904 | Lair:5   | Entered Level 5 of the Lair of Beasts
 14019 | Lair:5   | Reached XP level 14. HP: 131/133 MP: 17/17
 14284 | Lair:5   | Reached skill level 13 in Unarmed Combat
 14759 | Lair:5   | Found a viscous altar of Jiyva.
 14760 | Lair:5   | Found a staircase to the Slime Pits.
 16333 | D:11     | Found a staircase to the Orcish Mines.
 17157 | Orc:1    | Entered Level 1 of the Orcish Mines
 17454 | Orc:1    | You fall into a shaft and drop 1 floor!
 17454 | Orc:2    | Entered Level 2 of the Orcish Mines
 17701 | Orc:1    | Found a bloodstained altar of Trog.
 17701 | Orc:1    | Noticed Seraphu's ghost (journeyman GrBe)
 17723 | Orc:1    | Found a transporter.
 17726 | Orc:1    | Found a transporter.
 18084 | Orc:2    | Found a staircase to the Elven Halls.
 18524 | Orc:2    | Reached XP level 15. HP: 134/140 MP: 18/18
 18550 | Orc:2    | Found Emmog's Armour Boutique.
 18550 | Orc:2    | Found Laraess's Magic Scroll Emporium.
 18551 | Orc:2    | Found Pyggefit's General Store.
 18551 | Orc:2    | Found Derepugu's Weapon Boutique.
 18584 | Orc:2    | HP: 7/140 [two-headed ogre/+0 giant club (28)]
 18822 | Orc:2    | Bought a scroll of blinking for 105 gold pieces
 18822 | Orc:2    | Bought a wand of digging (8) for 470 gold pieces
 19300 | D:12     | Noticed Kirke
 19345 | D:12     | Reached skill level 14 in Unarmed Combat
 19618 | D:12     | Killed Kirke
 19698 | D:12     | The Shining One protects you from harm!
 20423 | D:13     | Reached skill level 5 in Evocations
 20537 | D:13     | Found a frozen archway.
 20552 | IceCv    | Entered an ice cave
 21287 | IceCv    | Got Sif Muna's Handbook of Bewitching Blasts
 21588 | D:13     | Reached skill level 1 in Earth Magic
 21618 | D:13     | Found the +14 obsidian axe {vorpal, Mesm Drain Fly SInv}
 21936 | D:13     | Found Magaadde's Magic Scroll Boutique.
 21944 | D:13     | Bought a scroll of teleportation for 48 gold pieces
 21944 | D:13     | Bought a scroll of brand weapon for 152 gold pieces
 21944 | D:13     | Bought a scroll of teleportation for 48 gold pieces
 21944 | D:13     | Bought a scroll of magic mapping for 120 gold pieces
 21944 | D:13     | Bought a scroll of magic mapping for 120 gold pieces
 21944 | D:13     | Bought a scroll of teleportation for 48 gold pieces
 22837 | D:14     | Acquired the +10 giant spiked club "Cicouted" {antimagic,
                  | rElec rCorr Dex+4 Stlth+}
 23233 | D:14     | Found a gate to the Vaults.
 23441 | D:15     | Entered Level 15 of the Dungeon
 24359 | D:15     | Reached XP level 16. HP: 101/149 MP: 20/20
 24499 | D:15     | Found a staircase to the Depths.
 25244 | Elf:1    | Entered Level 1 of the Elven Halls
 25258 | Orc:2    | Paralysed by an air elemental for 1 turns
 25369 | Elf:1    | HP: 4/150 [deep elf archer/arrow (21)]
 25370 | Elf:1    | Shot with an arrow by a deep elf archer

Illustrated notes

Levels and vault maps discovered:
D:1:      ebering_trefoil_3fold, layout_rooms, minivault_5,
          minmay_misc_feat_five, minmay_misc_feat_chi, lemuel_flame_loot_1
D:2:      layout_basic, basic_altar, serial_shops, nicolae_square_shop,
          nicolae_square_shop, nicolae_shop_stone, shop_statue,
          nicolae_shop_hallway_plus, minmay_gold_behind_fungi, uniq_sigmund,
          uniq_jessica, uniq_natasha
D:3:      layout_basic, worldfamousw_hep_ancestral_shrine,
          mainiacjoe_overflow_24_doors, nrook_mini_vaults, uniq_ijyb
D:4:      layout_cave_pools, gammafunk_temple_overflow_statue, lightli_minifort,
          uniq_duvessa
D:5:      layout_basic, nicolae_yredelemnul_ghost_church, uniq_grinder,
          uniq_crazy_yiuf_cottage
D:6:      layout_basic, minmay_temple_entry_junction_2,
          gammafunk_ghost_abyssal_escape
D:7:      minmay_the_grid_plus_closed [minmay_the_grid_garden,
          minmay_the_grid_embedded, minmay_the_grid_dragon_b,
          minmay_the_grid_box_x, minmay_the_grid_prize_shrinking_boxes],
          layout_loops_ring, nemelex_xobeh_ov_fountains_minmay,
          minmay_small_thing, uniq_maggie
D:8:      nzn_winding_woodlands_medium [nzn_winding_woodlands_5x5_perimeter,
          nzn_winding_woodlands_5x15_pool, nzn_winding_woodlands_5x5_three,
          nzn_winding_woodlands_5x5_open_star,
          nzn_winding_woodlands_center_triple_pond,
          nzn_winding_woodlands_5x5_cross, nzn_winding_woodlands_hourglass,
          nzn_winding_woodlands_5x15_split_checker,
          nzn_winding_woodlands_5x5_closed_star], layout_basic,
          mainiacjoe_overflow_surrounded_room, minivault_11
D:9:      layout_basic, grunt_lair_entry_orc_guard_hut, enter_bailey_3,
          serial_ice, serial_ice_n, serial_ice_i, serial_ice_d, serial_ice_g
D:10:     layout_loops_corners, overflow_temple_1_default, elyvilon_altar_1,
          nicolae_ru_great_annihilating_truth, mainiacjoe_overflow_tiny_flanked,
          gammafunk_ghost_icy, uniq_josephine, uniq_gastronok
D:11:     layout_loops_cross, orc_0_dummy, special_room [special_room_orc]
D:12:     layout_loops_ring, minmay_stone_trees_small, hangedman_batty,
          uniq_kirke
D:13:     layout_roguey, serial_undead, serial_undead_f, serial_undead_c,
          serial_undead_c, serial_undead_a, serial_shops, shop,
          portal_ice_cave_demonic_guard
D:14:     layout_roguey, lightli_vaults_fourway_checkpoint,
          hangedman_decor_clover_reticule
D:15:     grunt_enter_depths_hoard, layout_basic,
          chequers_serial_rivers_micro_a, st_stairs_5
Lair:1:   layout_roguey
Lair:2:   layout_chaotic_city, beast_lair_carwin_2
Lair:3:   layout_chaotic_city, skrybe_swamp_entry_bodies,
          minmay_snake_entry_guardpost_medium, uniq_amaemon, uniq_urug,
          uniq_nessos
Lair:4:   layout_loops_ring, lemuel_fruit_fields
Lair:5:   grunt_lair_end_beastmaster, layout_layer_cave,
          nicolae_slime_entry_slimehenge, grunt_megastairs_4
Orc:1:    layout_caves, gammafunk_ghost_wrathful_warriors
Orc:2:    st_orc_ogre_mass, layout_caves, basic_altar
Elf:1:    minmay_elf_arrival_summoners, layout_loops_corners

Skill      XL: |  1  2  3  4  5  6  7  8  9 10 11 12 13 14 15 |
---------------+----------------------------------------------+-----
Unarmed Combat | 3 4 6 7 8 9 10 11 12 13 14 | 14.3
Shields        | 3 4 5 6 7 8 9 |  9.1
Fighting       | 3 4 5 6 7 |  7.7
Dodging        | 3 4 5 6 7 8 9 |  9.0
Invocations    | 1 2 3 4 5 6 7 |  7.7
Throwing       | 1 2 3 4 5 7 8 |  8.4
Evocations     | 1 2 3 4 6 |  6.0
Maces & Flails | 1 4 10 11 12 | 12.1
Armour         | 1 3 4 |  4.5
Earth Magic    | 2 |  2.6

Action                   |  1- 3 |  4- 6 |  7- 9 | 10-12 | 13-15 | 16-18 || total
-------------------------+-------+-------+-------+-------+-------+-------++-------
Melee: Unarmed           |    88 |   112 |   200 |   675 |  1170 |    48 ||  2293
       Morningstar       |       |       |       |    16 |   140 |       ||   156
       Mace              |       |       |       |       |    28 |       ||    28
       Giant spiked club |       |       |       |       |       |    14 ||    14
Throw: Boomerang         |       |       |       |    10 |    12 |       ||    22
       Large rock        |       |       |       |       |    33 |       ||    33
       Javelin           |       |       |       |       |     3 |       ||     3
Invok: Divine Shield     |       |       |       |     1 |       |       ||     1
Evoke: Wand              |       |       |       |     1 |       |       ||     1
  Use: Potion            |       |     1 |     2 |     1 |     2 |     1 ||     7
       Scroll            |       |       |    12 |     7 |    15 |       ||    34
Armor: Robe              |    27 |    38 |    50 |     9 |       |       ||   124
       Troll leather arm |       |       |       |   197 |   390 |       ||   587
       Fire dragon scale |       |       |       |       |       |    25 ||    25
Dodge: Dodged            |    28 |    20 |    68 |   320 |   573 |    32 ||  1041
Block: Kite shield       |    33 |    31 |    80 |   304 |   528 |    17 ||   993
